BSA
KALAMAZOO ROYALE WITH CHEESE @ HOUSTON MARSHALS
09/21/2028
 
TOP OF THE 1ST
Kalamazoo Royale with Cheese batting - Pitching for Houston Marshals : LHP Carlos Tavárez
Pitching: LHP Carlos Tavárez
Batting: RHB Andy Aiton 0-0: Ball
1-0: Swinging Strike
1-1: Foul Ball, location: 2F
1-2: Strikes out looking
Batting: RHB Jorge Márquez 0-0: Ball
1-0: Foul Ball, location: 2F
1-1: SINGLE (Groundball, 56D)
Batting: LHB Roberto Sandoval 0-0: Ball
1-0: Ball
2-0: Called Strike
2-1: Called Strike
2-2: Ball
3-2: Fly out, F8 (Flyball, 8RD)
Batting: RHB Tae-kwon Kwon 0-0: Foul Ball, location: 2F
0-1: Ball
1-1: Ball
2-1: Called Strike
2-2: Ball
3-2: Strikes out swinging
Top of the 1st over - 0 run(s), 1 hit(s), 0 error(s), 1 left on base; Kalamazoo 0 - Houston 0
BOTTOM OF THE 1ST
Houston Marshals batting - Pitching for Kalamazoo Royale with Cheese : LHP Lorenzo Sánchez
Pitching: LHP Lorenzo Sánchez
Batting: RHB Alberto Velásquez 0-0: Fly out, F9 (Flyball, 89S)
Batting: LHB Matt Smith 0-0: Swinging Strike
0-1: Ground out 4-3 (Groundball, 4S)
Batting: LHB José Rodríguez 0-0: Called Strike
0-1: Swinging Strike
0-2: Foul Ball, location: 2F
0-2: Ground out 4-3 (Groundball, 4S)
Bottom of the 1st over - 0 run(s), 0 hit(s), 0 error(s), 0 left on base; Kalamazoo 0 - Houston 0
TOP OF THE 2ND
Kalamazoo Royale with Cheese batting - Pitching for Houston Marshals : LHP Carlos Tavárez
Batting: LHB Donovan Bird 0-0: Called Strike
0-1: Ground out U3 (Groundball, 34)
Batting: RHB Pedro Rosado 0-0: Foul Ball, location: 2F
0-1: TRIPLE (Flyball, 9LM)
Batting: LHB Doyle Otterburn 0-0: Ball
1-0: Fly out, F9 (Flyball, 9D)
Runner from 3rd tags up, SCORES, no throw
Batting: RHB Jimmy Simon 0-0: Swinging Strike
0-1: Swinging Strike
0-2: Ball
1-2: SINGLE (Groundball, 4MD)
Batting: SHB Caden Keith 0-0: Fly out, F9 (Flyball, 9LMF)
Top of the 2nd over - 1 run(s), 2 hit(s), 0 error(s), 1 left on base; Kalamazoo 1 - Houston 0
BOTTOM OF THE 2ND
Houston Marshals batting - Pitching for Kalamazoo Royale with Cheese : LHP Lorenzo Sánchez
Batting: LHB Lewis Barr 0-0: Ball
1-0: Foul Ball, location: 2F
1-1: Fly out, F8 (Flyball, 8LM)
Batting: LHB John Peterson 0-0: Ground out U3 (Groundball, 3)
Batting: SHB Álex Rosado 0-0: Foul Ball, location: 2F
0-1: Foul Ball, location: 2F
0-2: Foul Ball, location: 2F
0-2: Strikes out swinging
Bottom of the 2nd over - 0 run(s), 0 hit(s), 0 error(s), 0 left on base; Kalamazoo 1 - Houston 0
TOP OF THE 3RD
Kalamazoo Royale with Cheese batting - Pitching for Houston Marshals : LHP Carlos Tavárez
Batting: RHB Andy Aiton 0-0: Foul Ball, location: 2F
0-1: Ball
1-1: Foul Ball, location: 2F
1-2: Ball
2-2: Ball
3-2: Fly out, F8 (Line Drive, 8RD)
Batting: RHB Jorge Márquez 0-0: Called Strike
0-1: Foul Ball, location: 2F
0-2: Ball
1-2: SINGLE (Groundball, 56D)
Batting: LHB Roberto Sandoval 0-0: Called Strike
0-1: Ball
1-1: Ball
2-1: Swinging Strike
2-2: Foul Ball, location: 2F
2-2: Foul Ball, location: 2F
2-2: Fly out, F3 (Line Drive, 3)
Batting: RHB Tae-kwon Kwon 0-0: Foul Ball, location: 2F
0-1: SINGLE (Groundball, 4MD)
Jorge Márquez to second
Batting: LHB Donovan Bird 0-0: Ball
1-0: Called Strike
1-1: SINGLE (Groundball, 34D)
Jorge Márquez to third
Tae-kwon Kwon to second
Runner from 3rd tries for Home, SAFE, throw made home
Batting: RHB Pedro Rosado 0-0: Ball
1-0: Called Strike
1-1: Foul Ball, location: 2F
1-2: Foul Ball, location: 2F
1-2: Ball
2-2: Foul Ball, location: 2F
2-2: SINGLE (Line Drive, 34D)
Tae-kwon Kwon to third
Donovan Bird to second
Runner from 3rd tries for Home, SAFE, throw made home
Donovan Bird to third
Pedro Rosado to second
Batting: LHB Doyle Otterburn 0-0: Ball
1-0: Foul Ball, location: 2F
1-1: Called Strike
1-2: Ball
2-2: Ground out 4-3 (Groundball, 4M)
Top of the 3rd over - 2 run(s), 4 hit(s), 0 error(s), 2 left on base; Kalamazoo 3 - Houston 0
BOTTOM OF THE 3RD
Houston Marshals batting - Pitching for Kalamazoo Royale with Cheese : LHP Lorenzo Sánchez
Batting: RHB Javier Rentería 0-0: Ball
1-0: Swinging Strike
1-1: Ball
2-1: Foul Ball, location: 2F
2-2: Ground out 4-3 (Groundball, 4M)
Batting: RHB Gregg Nelson 0-0: Fly out, F2 (Popup, 2L)
Batting: SHB Juan Gómez 0-0: Ball
1-0: Called Strike
1-1: Swinging Strike
1-2: Foul Ball, location: 2F
1-2: Ball
2-2: Strikes out looking
Bottom of the 3rd over - 0 run(s), 0 hit(s), 0 error(s), 0 left on base; Kalamazoo 3 - Houston 0
TOP OF THE 4TH
Kalamazoo Royale with Cheese batting - Pitching for Houston Marshals : LHP Carlos Tavárez
Batting: RHB Jimmy Simon 0-0: Ball
1-0: Fly out, F7 (Flyball, 7S)
Batting: SHB Caden Keith 0-0: Ball
1-0: Ground out U3 (Groundball, 34)
Batting: RHB Andy Aiton 0-0: Fly out, F9 (Flyball, 89D)
Top of the 4th over - 0 run(s), 0 hit(s), 0 error(s), 0 left on base; Kalamazoo 3 - Houston 0
BOTTOM OF THE 4TH
Houston Marshals batting - Pitching for Kalamazoo Royale with Cheese : LHP Lorenzo Sánchez
Batting: RHB Alberto Velásquez 0-0: Ball
1-0: Ground out 5-3 (Groundball, 5S)
Batting: LHB Matt Smith 0-0: Swinging Strike
0-1: Ball
1-1: Swinging Strike
1-2: Strikes out looking
Batting: LHB José Rodríguez 0-0: SOLO HOME RUN (Flyball, 8RXD), Distance : 430 ft
Batting: LHB Lewis Barr 0-0: Called Strike
0-1: Swinging Strike
0-2: Ball
1-2: Ball
2-2: Hit by Pitch
Batting: LHB John Peterson 0-0: Fly out, F8 (Flyball, 8RM)
Bottom of the 4th over - 1 run(s), 1 hit(s), 0 error(s), 1 left on base; Kalamazoo 3 - Houston 1
TOP OF THE 5TH
Kalamazoo Royale with Cheese batting - Pitching for Houston Marshals : LHP Carlos Tavárez
Batting: RHB Jorge Márquez 0-0: Called Strike
0-1: Swinging Strike
0-2: SINGLE (Line Drive, 5D)
Batting: LHB Roberto Sandoval 0-0: Grounds into double play, 4-6-3 (Groundball, 4)
Batting: RHB Tae-kwon Kwon 0-0: Ball
1-0: Ball
2-0: Called Strike
2-1: Ball
3-1: Swinging Strike
3-2: Ground out 4-3 (Groundball, 34)
Top of the 5th over - 0 run(s), 1 hit(s), 0 error(s), 0 left on base; Kalamazoo 3 - Houston 1
BOTTOM OF THE 5TH
Houston Marshals batting - Pitching for Kalamazoo Royale with Cheese : LHP Lorenzo Sánchez
Batting: SHB Álex Rosado 0-0: Ball
1-0: Swinging Strike
1-1: Ball
2-1: Fly out, F4 (Popup, 34D)
Batting: RHB Javier Rentería 0-0: Ball
1-0: Fly out, F8 (Flyball, 89D)
Batting: RHB Gregg Nelson 0-0: Ball
1-0: Ground out 4-3 (Groundball, 34)
Bottom of the 5th over - 0 run(s), 0 hit(s), 0 error(s), 0 left on base; Kalamazoo 3 - Houston 1
TOP OF THE 6TH
Kalamazoo Royale with Cheese batting - Pitching for Houston Marshals : LHP Carlos Tavárez
Batting: LHB Donovan Bird 0-0: Ball
1-0: Called Strike
1-1: Fly out, F9 (Flyball, 9D)
Batting: RHB Pedro Rosado 0-0: Ball
1-0: SINGLE (Flyball, 6MD)
Batting: LHB Doyle Otterburn 0-0: Ball
1-0: Foul Ball, location: 2F
1-1: Called Strike
1-2: Strikes out looking
Batting: RHB Jimmy Simon 0-0: Ball
1-0: Foul Ball, location: 2F
1-1: Fly out, F9 (Line Drive, 9)
Top of the 6th over - 0 run(s), 1 hit(s), 0 error(s), 1 left on base; Kalamazoo 3 - Houston 1
BOTTOM OF THE 6TH
Houston Marshals batting - Pitching for Kalamazoo Royale with Cheese : LHP Lorenzo Sánchez
Batting: SHB Juan Gómez 0-0: Called Strike
0-1: Ball
1-1: Swinging Strike
1-2: Fly out, F9 (Flyball, 9LS)
Batting: RHB Alberto Velásquez 0-0: Called Strike
0-1: Ball
1-1: Called Strike
1-2: Ball
2-2: Foul Ball, location: 2F
2-2: Ball
3-2: Strikes out swinging
Batting: LHB Matt Smith 0-0: Ball
1-0: Ball
2-0: Ball
3-0: Ground out 1-3 (Groundball, 13)
Bottom of the 6th over - 0 run(s), 0 hit(s), 0 error(s), 0 left on base; Kalamazoo 3 - Houston 1
TOP OF THE 7TH
Kalamazoo Royale with Cheese batting - Pitching for Houston Marshals : LHP Carlos Tavárez
Batting: SHB Caden Keith 0-0: Called Strike
0-1: Ball
1-1: Swinging Strike
1-2: Foul Ball, location: 2F
1-2: Strikes out looking
Batting: RHB Andy Aiton 0-0: Ball
1-0: Foul Ball, location: 2F
1-1: Reached on error, E5 (Groundball, 5)
Batting: RHB Jorge Márquez 0-0: Called Strike
0-1: Ball
1-1: Called Strike
1-2: Strikes out looking
Batting: LHB Roberto Sandoval 0-0: Foul Ball, location: 2F
0-1: Called Strike
0-2: Foul Ball, location: 2F
0-2: Ball
1-2: Fly out, F9 (Flyball, 9LS)
Top of the 7th over - 0 run(s), 0 hit(s), 1 error(s), 1 left on base; Kalamazoo 3 - Houston 1
BOTTOM OF THE 7TH
Houston Marshals batting - Pitching for Kalamazoo Royale with Cheese : LHP Lorenzo Sánchez
Batting: LHB José Rodríguez 0-0: Called Strike
0-1: Reached on error, E5 (Groundball, 56)
Batting: LHB Lewis Barr 0-0: Ground out 4-3 (Groundball, 34)
José Rodríguez to second
Batting: LHB John Peterson 0-0: Ball
1-0: Foul Ball, location: 2F
1-1: Ball
2-1: Foul Ball, location: 2F
2-2: Ground out 1-3 (Groundball, P)
José Rodríguez to third
Batting: SHB Álex Rosado 0-0: Ball
1-0: Ball
2-0: Ball
3-0: Called Strike
3-1: Called Strike
3-2: Foul Ball, location: 2F
3-2: Fly out, F3 (Popup, 34)
Bottom of the 7th over - 0 run(s), 0 hit(s), 1 error(s), 1 left on base; Kalamazoo 3 - Houston 1
TOP OF THE 8TH
Kalamazoo Royale with Cheese batting - Pitching for Houston Marshals : LHP Carlos Tavárez
Pitching: RHP Vinícius Itaquy
Batting: RHB Tae-kwon Kwon 0-0: Ball
1-0: Foul Ball, location: 2F
1-1: Fly out, F7 (Flyball, 7)
Batting: LHB Donovan Bird 0-0: Called Strike
0-1: Foul Ball, location: 2F
0-2: Ball
1-2: Ball
2-2: Ball
3-2: Foul Ball, location: 2F
3-2: Strikes out swinging
Batting: RHB Pedro Rosado 0-0: Ball
1-0: Ball
2-0: Ball
3-0: Called Strike
3-1: Foul Ball, location: 2F
3-2: Strikes out swinging
Top of the 8th over - 0 run(s), 0 hit(s), 0 error(s), 0 left on base; Kalamazoo 3 - Houston 1
BOTTOM OF THE 8TH
Houston Marshals batting - Pitching for Kalamazoo Royale with Cheese : LHP Lorenzo Sánchez
Batting: RHB Javier Rentería 0-0: Foul Ball, location: 2F
0-1: Ball
1-1: Ball
2-1: Foul Ball, location: 2F
2-2: Foul Ball, location: 2F
2-2: Ground out 5-3 (Groundball, 5S)
Batting: RHB Gregg Nelson 0-0: Ball
1-0: Ball
2-0: SINGLE (Groundball, 56D)
Batting: SHB Juan Gómez 0-0: Called Strike
0-1: Ball
1-1: Ball
2-1: SINGLE (Groundball, 56D)
Gregg Nelson to second
Pitching: RHP Jason Taylor
Pinch Hitting: RHB Chris Parker 0-0: Called Strike
0-1: Ball
1-1: Foul Ball, location: 2F
1-2: Ball
2-2: Strikes out swinging
Pitching: LHP Carlos Thomas
Pinch Hitting: RHB Gustavo Díaz 0-0: Ball
1-0: Fly out, F8 (Flyball, 78XD)
Bottom of the 8th over - 0 run(s), 2 hit(s), 0 error(s), 2 left on base; Kalamazoo 3 - Houston 1
TOP OF THE 9TH
Kalamazoo Royale with Cheese batting - Pitching for Houston Marshals : RHP Vinícius Itaquy
Now at 1B: Chris Parker
Now at 3B: Jim Tracy
Batting: LHB Doyle Otterburn 0-0: Ball
1-0: Called Strike
1-1: Swinging Strike
1-2: Ball
2-2: Ball
3-2: Fly out, F8 (Line Drive, 8RM)
Batting: RHB Jimmy Simon 0-0: Called Strike
0-1: Ball
1-1: Ball
2-1: Swinging Strike
2-2: DOUBLE (Line Drive, 9LS)
Batting: SHB Caden Keith 0-0: Intentional Walk
Pinch Hitting: LHB Tom Blake 0-0: Called Strike
0-1: Called Strike
0-2: Strikes out swinging
Pinch Hitting: LHB Bill McJannett 0-0: Called Strike
0-1: Swinging Strike
0-2: Strikes out swinging
Top of the 9th over - 0 run(s), 1 hit(s), 0 error(s), 2 left on base; Kalamazoo 3 - Houston 1
BOTTOM OF THE 9TH
Houston Marshals batting - Pitching for Kalamazoo Royale with Cheese : LHP Carlos Thomas
Pitching: RHP Enrique Aguilera
Now at 1B: Tom Blake
Now at SS: Bob Noble
Batting: LHB José Rodríguez 0-0: Called Strike
0-1: Ball
1-1: Swinging Strike
1-2: Foul Ball, location: 2F
1-2: Ball
2-2: Hit by Pitch
Batting: LHB Lewis Barr 0-0: Ball
1-0: Called Strike
1-1: Called Strike
1-2: Strikes out swinging
Batting: LHB John Peterson 0-0: Called Strike
0-1: Ball
1-1: Foul Ball, location: 2F
1-2: SINGLE (Groundball, 4MD)
José Rodríguez to second
Batting: SHB Álex Rosado 0-0: Called Strike
0-1: Ball
1-1: Fielders Choice at 2nd, 3-6 (Groundball, 3)
José Rodríguez to third
Pinch Hitting: LHB Kent MacDulothe 0-0: Foul Ball, location: 2F
0-1: Ball
1-1: Foul Ball, location: 2F
1-2: Strikes out swinging
Bottom of the 9th over - 0 run(s), 1 hit(s), 0 error(s), 2 left on base; Kalamazoo 3 - Houston 1
Tuesday, August 8th, 2017 - OOTP Baseball 17.12 Build 75